Map: Blueshift LE

Players

Zest - Winner!

  • Race: Protoss Protoss
  • League: Master
  • Spawn Location: 1:00

Classic

  • Race: Protoss Protoss
  • League: Master
  • Spawn Location: 7:00

Event: IEM Season 13 - Katowice Server Qualifiers Asia 2

VOD

Have the link to the VOD?

Description

Time

  • Played on: Jan. 22, 2019, 8:39 a.m.
  • Length: 14:54

All games in this series

Show
View Real Time Build Order
Export as new Build Order

Zest Protoss - Winner!

Build Orders: Phoenix Opening, Zealot Archon 

Get SALT Encoding   

  12  0:00  Probe  
  13  0:12  Probe  
  14  0:17  Pylon  
  14  0:23  Probe  
  15  0:31  Probe  
  15  0:36  Gateway  
  15  0:39  Probe  
  16  0:46  Assimilator  
  17  0:51  Probe  
  17  0:54  Assimilator  
  18  0:59  Probe  
  19  1:07  Gateway  
  19  1:08  Probe  
  19  1:17  Probe  
  20  1:23  Cybernetics Core  
  21  1:29  Probe  
  22  1:33  Pylon  
  22  1:41  Probe  
  23  1:53  Probe  
  24  1:59  Stalker  
  24  2:00  Sentry, Warp Gate  
  28  2:10  Pylon  
  28  2:25  Pylon  
  28  2:32  Phoenix  
  28  2:39  Nexus  
  28  2:44  Stalker  
  28  2:47  Stalker  
  32  2:55  Probe  
  33  3:07  Probe  
  35  3:20  Probe  
  35  3:27  Stargate  
  35  3:32  Probe  
  36  3:36  Stargate  
  36  3:39  Pylon  
  36  3:43  Probe  
  36  3:47  Shield Battery  
  36  3:48  Probe  
  37  3:51  Probe  
  39  3:56  Probe  
  39  3:59  Probe  
  40  4:04  Probe  
  40  4:08  Phoenix  
  42  4:10  Probe  
  42  4:11  Phoenix  
  42  4:12  Probe  
  46  4:19  Assimilator  
  46  4:20  Probe  
  46  4:21  Phoenix  
  46  4:22  Probe  
  46  4:23  Assimilator  
  50  4:32  Pylon  
  50  4:36  Phoenix  
  52  4:42  Stalker x2  
  56  4:46  Phoenix  
  56  4:51  Probe x2  
  60  4:56  Pylon  
  60  4:58  Assimilator  
  60  5:03  Pylon  
  60  5:05  Probe  
  61  5:07  Probe  
  61  5:09  Robotics Facility  
  62  5:17  Probe  
  62  5:19  Probe  
  64  5:23  Forge  
  64  5:29  Probe  
  64  5:31  Probe  
  66  5:36  Gateway  
  66  5:37  Gateway  
  66  5:38  Protoss Ground Weapons Level 1  
  66  5:42  Shield Battery  
  66  5:47  Immortal  
  66  5:51  Gateway x2  
  70  6:10  Twilight Council  
  70  6:14  Zealot x2, Pylon  
  74  6:26  Immortal  
  74  6:32  Stalker x2  
  82  6:47  Charge  
  82  6:52  Templar Archives  
  82  6:54  Gateway  
  82  6:57  Gateway  
  82  6:59  Protoss Ground Weapons Level 2  
  82  7:05  Immortal, Pylon  
  86  7:13  Sentry  
  86  7:14  Zealot x3  
  94  7:21  Pylon  
  94  7:23  Pylon  
  94  7:24  Pylon  
  94  7:40  High Templar x2  
  94  7:42  Nexus  
  98  7:46  Pylon  
  98  7:47  Archon  
  99  7:51  Observer  
  99  7:53  Zealot x2  
  103  8:05  High Templar x2  
  107  8:11  Pylon  
  107  8:12  Warp Prism  
  109  8:16  Archon  
  109  8:35  High Templar  
  109  8:36  High Templar, Zealot x4  
  109  8:39  Archon  
  121  8:46  Zealot, Pylon  
  121  8:47  Zealot  
  125  8:54  Pylon  
  125  8:57  High Templar x2, Zealot  
  125  8:58  Zealot  
  125  9:01  Archon  
  133  9:09  Zealot x4  
  141  9:21  Zealot x2  
  141  9:32  Zealot x6  
  121  9:43  Zealot x2  
  71  9:53  Zealot x3  
  71  9:57  Observer  
  56  10:09  High Templar x4  
  56  10:11  Sentry  
  66  10:14  Archon x2  
  66  10:21  Zealot x2  
  70  10:36  Zealot  
  70  10:37  Zealot  
  70  10:41  Sentry x2, Zealot  
  80  10:54  Zealot x3  
  75  10:58  Zealot  
  75  11:01  Zealot  
  65  11:06  Zealot  
  65  11:10  Zealot  
  57  11:21  Zealot x2  
  57  11:25  Zealot  
  41  11:49  High Templar x2, Zealot x4  
  41  11:54  Archon  
  53  12:13  High Templar x2, Zealot x3  
  53  12:14  Zealot  
  65  12:21  Archon  
  65  12:24  Probe  
  65  12:25  Probe  
  65  12:26  Probe  
  68  12:32  Probe  
  68  12:33  Probe  
  68  12:34  Probe  
  70  12:37  Sentry  
  70  12:42  Probe x2  
  70  12:43  Probe  
  76  12:54  Probe x2  
  76  12:56  Probe  
  79  13:00  High Templar  
  79  13:01  High Templar, Zealot x4  
  79  13:05  Archon, Zealot  
  93  13:08  Shield Battery  
  93  13:14  Zealot  
  95  13:25  High Templar x2  
  95  13:26  Zealot x3  
  105  13:31  Archon  
  105  13:36  Shield Battery  
  105  13:38  Shield Battery  
  105  13:55  High Templar x2, Zealot x4  
  111  13:59  Archon  
  117  14:03  Shield Battery  
  117  14:13  Zealot x5  
  127  14:26  Zealot  
  129  14:32  Zealot x4  
  129  14:33  Zealot  
  129  14:38  Zealot  
  111  14:40  Zealot  
Show
View Real Time Build Order
Export as new Build Order

Classic Protoss 

Build Orders: Oracle Opening, Zealot Archon 

Get SALT Encoding   

  12  0:00  Probe  
  13  0:12  Probe  
  14  0:20  Pylon  
  14  0:24  Probe  
  15  0:34  Probe  
  15  0:40  Gateway  
  15  0:42  Probe  
  16  0:48  Assimilator  
  17  0:51  Probe  
  17  0:56  Assimilator  
  18  0:59  Probe  
  19  1:07  Probe  
  19  1:15  Gateway  
  20  1:19  Probe  
  21  1:27  Cybernetics Core  
  21  1:31  Probe  
  22  1:37  Pylon  
  22  1:43  Probe  
  23  1:55  Probe  
  24  2:03  Stalker  
  24  2:04  Stalker  
  24  2:08  Warp Gate  
  28  2:13  Pylon  
  28  2:26  Stargate  
  28  2:36  Stalker  
  32  2:39  Stalker  
  32  3:02  Oracle  
  32  3:04  Nexus  
  35  3:24  Pylon  
  35  3:26  Probe  
  35  3:39  Probe  
  38  3:45  Twilight Council  
  36  3:51  Probe  
  37  4:00  Probe  
  37  4:02  Blink  
  37  4:08  Probe  
  37  4:09  Stalker  
  40  4:10  Stalker  
  40  4:16  Probe  
  40  4:17  Probe  
  45  4:24  Probe  
  45  4:25  Probe  
  45  4:30  Pylon  
  47  4:32  Probe  
  47  4:33  Probe  
  49  4:42  Probe  
  49  4:43  Probe, Stalker  
  53  4:47  Stalker  
  55  4:54  Probe  
  55  4:55  Probe  
  57  5:03  Pylon  
  57  5:06  Probe  
  58  5:08  Probe, Stalker  
  58  5:12  Stalker  
  63  5:18  Probe  
  63  5:20  Probe, Pylon  
  65  5:21  Forge  
  64  5:35  Probe x2  
  66  5:37  Assimilator  
  66  5:38  Protoss Ground Weapons Level 1, Assimilator  
  66  5:40  Stalker x2  
  70  5:44  Pylon  
  70  5:47  Probe  
  70  5:48  Probe  
  74  6:09  Charge  
  72  6:14  Stalker x2  
  72  6:15  Gateway  
  72  6:16  Gateway  
  76  6:24  Pylon x2  
  76  6:26  Probe x2  
  78  6:34  Gateway  
  78  6:36  Gateway  
  78  6:47  Robotics Facility  
  78  6:56  Gateway  
  78  7:00  Gateway  
  78  7:03  Protoss Ground Weapons Level 2  
  78  7:06  Templar Archives  
  78  7:14  Zealot x2  
  78  7:15  Zealot x2  
  86  7:25  Pylon  
  86  7:27  Pylon  
  86  7:29  Sentry  
  88  7:36  Warp Prism  
  90  7:41  Pylon  
  90  7:43  Nexus  
  90  7:46  High Templar x2  
  90  7:49  High Templar  
  90  7:50  Archon  
  96  7:54  High Templar  
  98  7:58  Archon  
  98  8:02  Zealot  
  98  8:03  Zealot x3  
  103  8:06  Pylon  
  103  8:26  High Templar x2, Zealot x6  
  119  8:30  Archon  
  117  8:45  Pylon  
  117  8:48  High Templar x2  
  121  8:50  Zealot x4  
  121  8:52  Archon  
  129  8:58  Zealot x2  
  133  9:12  High Templar, Zealot  
  133  9:13  Zealot  
  133  9:15  High Templar  
  141  9:21  Archon, Zealot x4  
  149  9:38  Zealot x2  
  121  9:42  Zealot x4  
  105  9:51  Zealot x2  
  83  9:59  Immortal  
  67  10:06  High Templar x2  
  59  10:07  Zealot x4  
  59  10:11  Archon  
  69  10:17  High Templar  
  69  10:19  High Templar  
  73  10:21  Shield Battery  
  73  10:23  Archon  
  73  10:28  Zealot x3  
  75  10:29  Immortal  
  75  10:32  Zealot  
  81  10:39  Zealot  
  81  10:40  Zealot  
  89  10:52  Zealot x4  
  89  10:54  Zealot  
  87  10:57  Zealot  
  68  11:04  Zealot x2  
  57  11:13  Zealot x2  
  57  11:14  Zealot  
  53  11:18  Zealot  
  53  11:22  Zealot  
  46  11:28  Zealot  
  48  11:36  High Templar  
  48  11:37  High Templar x3  
  56  11:40  Archon  
  56  11:41  Archon  
  56  11:51  High Templar  
  56  11:52  High Templar, Zealot x2  
  64  11:55  Archon  
  63  12:10  Stalker  
  63  12:11  Stalker  
  63  12:14  Pylon, Stalker  
  69  12:21  Warp Prism  
  67  12:24  Pylon  
  67  12:28  Pylon  
  69  12:37  High Templar x2  
  69  12:41  Archon  
  69  12:43  Sentry, Zealot  
  77  12:48  Zealot  
  79  13:08  Zealot x2  
  79  13:11  High Templar x2  
  87  13:15  Archon  
  87  13:20  Zealot x3  
  87  13:23  Zealot  
  95  13:39  High Templar x2  
  99  13:44  Archon  
  99  13:48  Zealot x4  
  106  14:09  High Templar x2, Zealot  
  112  14:10  Zealot x3  
  112  14:13  Archon  
  112  14:14  Zealot  
  120  14:19  Zealot  
  84  14:39  Zealot x3  
  84  14:42  Zealot  

Tags
 
Add a new tag
Caveats
  • Supply blocks, unpowered buildings, or Contaminate may cause inaccurate times.
  • Supply counts are checked every 10 seconds.